 Dungeon Crawl Stone Soup version 0.29.1-1-gd02db6906a (webtiles) character file.

Game seed: 12774639014788249819

541 Icepheonix32 the Chopper (level 7, -16/61 HPs)
             Began as a Minotaur Fighter on Oct 21, 2022.
             Demolished by Menkaure (18 damage)
             ... on level 4 of the Dungeon.
             The game lasted 00:04:20 (3278 turns).

Icepheonix32 the Chopper (Minotaur Fighter)         Turns: 3278, Time: 00:04:20

Health: -16/61     AC:  8    Str: 20      XL:     7   Next: 5%
Magic:  0/6        EV: 11    Int: 11      God:
Gold:   233        SH:  5    Dex: 11 (12) Spells: 6/6 levels left

rFire   . . .      SeeInvis .   a - +0 war axe (drain)
rCold   + . .      Faith    .   c - +0 buckler
rNeg    . . .      Spirit   +   g - +2 ring mail {rC+}
rPois   .          Reflect  .   (helmet restricted)
rElec   .          Harm     .   (no cloak)
rCorr   .          Rampage  .   (no gloves)
Will    +....                   (no boots)
Stlth   +.........              n - amulet of guardian spirit
HPRegen 0.20/turn               i - ring of willpower
MPRegen 0.10/turn               o - +6 ring of intelligence

@: no status effects
A: horns 2, retaliatory headbutt
a: no special abilities


You were on level 4 of the Dungeon.
You visited 2 branches of the dungeon, and saw 5 of its levels.

You collected 233 gold pieces.

Inventory:

Hand Weapons
 a - a +0 war axe of draining (weapon)
Missiles
 p - 2 datura-tipped darts (quivered)
Armour
 c - a +0 buckler (worn)
 g - a +2 ring mail of cold resistance (worn)
 l - a +0 chain mail
Jewellery
 i - a ring of willpower (left hand)
 n - an amulet of guardian spirit (around neck)
 o - a +6 ring of intelligence (right hand)
Wands
 q - a wand of roots (21)
Scrolls
 f - 2 scrolls of magic mapping
 h - a scroll of vulnerability {unknown}
 j - a scroll of immolation {unknown}
 k - a scroll of blinking
 m - a scroll of fear
Potions
 b - a potion of berserk rage {unknown}
 e - a potion of mutation {unknown}


   Skills:
 * Level 5.5 Fighting
 + Level 5.9 Axes
 + Level 5.4 Armour
 + Level 2.1 Dodging
 + Level 0.2 Stealth
 + Level 4.5 Shields


You had 6 spell levels left.
You didn't know any spells.
Your spell library was empty.

Dungeon Overview and Level Annotations

Branches:
Dungeon (4/15)             Temple (1/1) D:4

Altars:
Ashenzari
Dithmenos
Elyvilon
Hepliaklqana
Kikubaaqudgha
Qazlal
Ru
Uskayaw
Vehumet
Xom
Yredelemnul
Zin

Annotations:
D:4 Menkaure


Innate Abilities, Weirdness & Mutations

You have a pair of horns on your head.
You reflexively headbutt those who attack you in melee.


Message History

You are too injured to fight recklessly!
You are too injured to fight recklessly!
You are too injured to fight recklessly!
You are too injured to fight recklessly!
You are too injured to fight recklessly!
Unknown command.
Menkaure hits you!
* * * LOW HITPOINT WARNING * * *
You block the black bear's attack. The black bear barely misses you.
You block the black bear's attack.
Unknown command.
You barely miss Menkaure. You headbutt Menkaure.
Menkaure is lightly damaged.
You hit the black bear. You drain the black bear. Menkaure hits you.
* * * LOW HITPOINT WARNING * * *
You block the black bear's attack. The black bear completely misses you.
You block the black bear's attack. Menkaure hits you.
* * * LOW HITPOINT WARNING * * *
You feel better. Menkaure hits you!!
* * * LOW HITPOINT WARNING * * *
The black bear bites you but does no damage.
The black bear claws you but does no damage.
The black bear barely misses you.
Unknown command.
You closely miss Menkaure. You headbutt Menkaure.
Menkaure is moderately damaged.
You hit the black bear. Menkaure closely misses you. You furiously retaliate!
You headbutt Menkaure.
The black bear goes berserk!
You hit Menkaure.
Menkaure is heavily damaged.
You slash the black bear!
You kill the black bear!
Menkaure points at you and mumbles some strange words.
You resist with some effort. Menkaure barely misses you.
You have reached level 7!
Okay, then.
You hit Menkaure.
Menkaure is severely damaged.
Menkaure hits you!!
You die...

....# ....# ...
....# #... ....#
#)..# ....# #...
....# #...#
###.#### #...# #
#....# #..M## #
####.# #.†@## #
#.# ##...## #
#.# ##...# ####
#.## #...##
...###..# ##...#
...#....# #...##
)..'.##.# ##...#
...####.# #...#
...#
############...#


You could see Menkaure (fast).

Vanquished Creatures
  Sigmund (D:4)
  Edmund (D:4)
  A black bear (D:4)
  An orc priest (D:3)
  An orc wizard (D:3)
  Robin (D:4)
  3 gnolls (D:4)
  2 adders (D:3)
  8 orcs
  7 ball pythons
  8 endoplasms
  6 giant cockroaches
  11 goblins
  11 hobgoblins
  4 jackals (D:4)
  4 quokkas
  2 bats (D:3)
  3 frilled lizards
  11 kobolds
  6 rats
92 creatures vanquished.

Vanquished Creatures (others)
  A plant (D:3)
1 creature vanquished.

Grand Total: 93 creatures vanquished

Notes
Turn   | Place    | Note
-------+----------+-------------------------------------------
     0 | D:1      | Icepheonix32 the Minotaur Fighter began the quest for the
                  | Orb.
     0 | D:1      | Reached XP level 1. HP: 19/19 MP: 0/0
   317 | D:1      | Reached XP level 2. HP: 27/27 MP: 1/1
   384 | D:1      | Found a faded altar of an unknown god.
   475 | D:1      | Reached XP level 3. HP: 18/33 MP: 2/2
  1611 | D:3      | Reached XP level 4. HP: 24/41 MP: 3/3
  1627 | D:3      | Reached skill level 1 in Dodging
  1925 | D:3      | Reached XP level 5. HP: 47/47 MP: 4/4
  2412 | D:4      | Noticed Sigmund
  2421 | D:4      | Killed Sigmund
  2422 | D:4      | Reached skill level 5 in Fighting
  2422 | D:4      | Reached skill level 5 in Axes
  2422 | D:4      | Reached XP level 6. HP: 35/56 MP: 5/5
  2424 | D:4      | Reached skill level 5 in Armour
  2564 | D:4      | Found a staircase to the Ecumenical Temple.
  2586 | Temple   | Entered the Ecumenical Temple
  2770 | D:4      | Noticed Edmund
  2776 | D:4      | Killed Edmund
  3093 | D:4      | Noticed Robin
  3108 | D:4      | Killed Robin
  3269 | D:4      | Noticed Menkaure
  3275 | D:4      | HP: 2/56 [Menkaure (18)]
  3278 | D:4      | Reached XP level 7. HP: 2/61 MP: 0/6
  3278 | D:4      | Demolished by Menkaure

Illustrated notes

Levels and vault maps discovered:
D:1:      wander_arrival_abandoned_jail, layout_rooms,
          ebering_ecumenical_altar_rust
D:2:      layout_loops_ring
D:3:      layout_rooms, serial_bayou_pond_d, minmay_pentomino_pile
D:4:      layout_basic, temple_green, serial_curves, eino_curves_01,
          eino_curves_01, eino_curves_02, eino_curves_04, uniq_robin,
          uniq_edmund, uniq_menkaure, uniq_crazy_yiuf_cottage, uniq_pikel,
          uniq_sigmund
Temple:   hellmonk_temple_flake

Skill      XL: |  1  2  3  4  5  6 |
---------------+-------------------+-----
Fighting       | 4 5 |  5.5
Axes           | 3 4 5 |  5.9
Shields        | 4 |  4.5
Armour         | 4 5 |  5.4
Dodging        | 1 2 |  2.1
Stealth        | |  0.2

Action                   |  1- 3 |  4- 6 |  7- 9 || total
-------------------------+-------+-------+-------++-------
Melee: War axe           |    80 |    86 |     1 ||   167
       Headbutt          |    12 |     9 |       ||    21
  Use: Scroll            |     5 |     2 |       ||     7
       Potion            |       |     8 |       ||     8
Armor: Scale mail        |    45 |    14 |       ||    59
       Skin              |       |    14 |       ||    14
       Ring mail         |       |    17 |       ||    17
Dodge: Dodged            |    38 |    36 |       ||    74
Block: Buckler           |    18 |    30 |       ||    48
